 Dungeon Crawl Stone Soup version 0.24.0-124-g2791043dd8 (webtiles) character file.

Game seed: 18346809220457697256, levelgen mode: deterministic

106 Braveman the Chopper (level 4, -10/41 HPs)
             Began as a Minotaur Berserker on Feb 14, 2020.
             Was a Believer of Trog.
             Killed from afar by Blork the orc (12 damage)
             ... with a puff of flame
             ... on level 6 of the Dungeon.
             The game lasted 00:24:47 (1557 turns).

Braveman the Chopper (Minotaur Berserker)           Turns: 1557, Time: 00:24:48

Health: -10/41     AC:  3    Str: 22    XL:     4   Next: 55%
Magic:  3/3        EV: 12    Int:  4    God:    Trog [**....]
Gold:   179        SH:  0    Dex: 10    Spells: 3/3 levels left

rFire    . . .     SeeInvis .   a - +1 hand axe
rCold    . . .     Gourm    .   (no shield)
rNeg     . . .     Faith    .   p - +0 leather armour
rPois    .         Spirit   .   (helmet restricted)
rElec    .         Reflect  .   s - scarf {cloud immunity}
rCorr    .         Harm     .   (no gloves)
MR       .....                  (no boots)
Stlth    +.........             g - amulet of rage
HPRegen  0.13/turn              (no ring)
MPRegen  0.08/turn              (no ring)

@: no status effects
A: retaliatory headbutt, horns 2
a: Berserk, Trog's Hand, Renounce Religion, Evoke Berserk Rage


You were on level 6 of the Dungeon.
You worshipped Trog.
Trog was pleased with you.
You were not hungry.

You visited 1 branch of the dungeon, and saw 4 of its levels.

You collected 179 gold pieces.

Inventory:

Hand Weapons
 a - a +1 hand axe (weapon)
 o - a +0 whip
Missiles
 f - 15 bolts
 h - 39 arrows (quivered)
 n - 107 stones
Armour
 b - a +0 animal skin
 p - a +0 leather armour (worn)
 s - a scarf of cloud immunity (worn)
Jewellery
 g - an amulet of rage (around neck)
Scrolls
 e - 2 scrolls of remove curse {unknown}
 m - a scroll of teleportation {unknown}
 q - 2 scrolls of identify
Potions
 d - 2 potions of berserk rage {unknown}
 i - a potion of curing {unknown}
 k - a potion of magic {unknown}
 l - a potion of flight {unknown}
 r - a potion of invisibility {unknown}
Comestibles
 c - 3 rations


   Skills:
 + Level 4.9 Fighting
 + Level 5.0 Axes
 + Level 2.6 Armour
 + Level 2.8 Dodging
 + Level 0.1 Stealth


You had 3 spell levels left.
You didn't know any spells.
Your spell library contained the following spells:

 Spells                   Type           Power        Failure   Level  Hunger
 Beastly Appendage        Tmut           #.....       54%         1    ##.....
 Sticks to Snakes         Tmut           #.......     69%         2    ###....
 Spider Form              Tmut/Pois      #.........   89%         3    ####...
 Ice Form                 Ice/Tmut       #.......     100%        4    #####..
 Blade Hands              Tmut           #.........   100%        5    ######.


Dungeon Overview and Level Annotations

Branches:
Dungeon (3/15)

Altars:

Annotations:
D:6 Blork the orc


Innate Abilities, Weirdness & Mutations

You reflexively headbutt those who attack you in melee.
You have a pair of horns on your head.


Message History

Blork the orc hits you with a +0 halberd!
You closely miss Blork the orc.
Blork the orc is moderately wounded.
Blork the orc misses you.
Blork the orc hits you from afar with a +0 halberd!
* * * LOW HITPOINT WARNING * * *
Blork the orc grunts loudly.
Blork the orc points at you and mumbles some strange words.
The puff of flame hits you.
* * * LOW HITPOINT WARNING * * *
A quokka comes into view.
Blork the orc frowns. x2
The quokka bites you.
* * * LOW HITPOINT WARNING * * *
The quokka misses you.
Found a stone staircase leading up.
You hit the quokka but do no damage. Your headbutt misses the quokka.
Blork the orc points at you and mumbles some strange words.
The puff of flame hits you!
You die...

###.....<. #........##
##......^..##.
#.............
#..............
#..............
#....r..##...
#...@...#.# ......
##.#.....# ....... #
#.....####.......
####o.....##........
#..................#
###..................#
#......................
##......#........##.#..
##.##..#...........#..


You could see Blork the orc and a quokka.

Vanquished Creatures
  3 adders (D:2)
  2 oozes
  A worm (D:2)
  3 dart slugs (D:2)
  An orc (D:3)
  3 ball pythons
  5 bats
  A giant cockroach (D:2)
  12 goblins
  9 hobgoblins
  3 jackals (D:2)
  4 kobolds
  A quokka (D:6)
  4 frilled lizards
  4 rats
56 creatures vanquished.

Notes
Turn   | Place    | Note
-------+----------+-------------------------------------------
     0 | D:1      | Braveman the Minotaur Berserker began the quest for the
                  | Orb.
     0 | D:1      | Reached XP level 1. HP: 19/19 MP: 0/0
    95 | D:1      | Reached XP level 2. HP: 17/27 MP: 1/1
   109 | D:1      | Reached skill level 4 in Axes
   304 | D:1      | Reached XP level 3. HP: 30/33 MP: 2/2
   527 | D:2      | Reached ** piety under Trog
   942 | D:2      | Reached XP level 4. HP: 41/41 MP: 3/3
  1337 | D:2      | Reached skill level 5 in Axes
  1506 | D:3      | You fall into a shaft and drop 3 floors!
  1529 | D:6      | Noticed Blork the orc
  1548 | D:6      | HP: 2/41 [Blork the orc/puff of flame (4)]
  1556 | D:6      | HP: 2/41 [quokka (1)]
  1557 | D:6      | Killed from afar by Blork the orc

Levels and vault maps discovered:
D:1:      minmay_arrival_checkered_box, layout_rooms, minmay_ruptured
D:2:      layout_loops_ring, marbit_many_paths, minmay_small_reverse_x
D:3:      layout_rooms
D:6:      layout_cave_pools, yredelemnul_altar_generic, grunt_ministairs_8,
          chequers_decorated_corner, uniq_blork_the_orc

Skill      XL: |  1  2  3  4 |
---------------+-------------+-----
Fighting       | 4 |  4.9
Axes           | 4 5 |  5.0
Armour         | |  2.6
Dodging        | |  2.8
Stealth        | |  0.1

Action                   |  1- 3 |  4- 6 || total
-------------------------+-------+-------++-------
Melee: Hand axe          |    84 |    38 ||   122
       Headbutt          |    10 |     6 ||    16
Throw: Stone             |       |     2 ||     2
  Use: Scroll            |     2 |     1 ||     3
       Potion            |       |     1 ||     1
  Eat: Ration            |       |     1 ||     1
Armor: Animal skin       |    12 |       ||    12
       Leather armour    |       |     2 ||     2
Dodge: Dodged            |    45 |    18 ||    63
